 Dungeon Crawl Stone Soup version 0.26-a0-682-g294304f6e8 (webtiles) character file.

Game seed: 13055286261167372385

(classic levelgen) 166 EnegeticOcto the Digger (level 5, 0/31 HPs)
             Began as a Halfling Earth Elementalist on Oct 21, 2020.
             Was an Initiate of Cheibriados.
             Succumbed to a scorpion's poison
             ... on level 5 of the Dungeon.
             The game lasted 00:05:56 (738 turns).

EnegeticOcto the Digger (HaEE)                       Turns: 738, Time: 00:05:57

Health: 0/31       AC:  2    Str: 10    XL:     5   Next: 76%
Magic:  3/7        EV: 15    Int: 15    God:    Cheibriados [......]
Gold:   88         SH:  0    Dex: 16    Spells: 6/7 levels left

rFire    . . .     SeeInvis .   j - +2 flail (protect)
rCold    . . .     Faith    .   (shield restricted)
rNeg     . . .     Spirit   .   c - +0 robe
rPois    .         Reflect  .   (no helmet)
rElec    .         Harm     .   (no cloak)
rCorr    .         Rampage  .   (no gloves)
MR       .....                  (no boots)
Stlth    ++........             (no amulet)
HPRegen  0.10/turn              (no ring)
MPRegen  0.10/turn              (no ring)

@: lethally poisoned (0 -> -8), very slow
A: small, mutation resistance 1
a: Bend Time, Renounce Religion


You were on level 5 of the Dungeon.
You worshipped Cheibriados.
Cheibriados was noncommittal.
You visited 1 branch of the dungeon, and saw 6 of its levels.

You collected 88 gold pieces.

Inventory:

Hand Weapons
 f - a +0 short sword
 i - a +0 hand axe
 j - a +2 flail of protection (weapon)
Missiles
 b - 44 stones (quivered)
Armour
 c - a +0 robe (worn)
Jewellery
 n - a +4 ring of slaying {unknown}
Scrolls
 a - a scroll of fog {unknown}
 d - 2 scrolls of teleportation {unknown}
 e - 3 scrolls of remove curse {unknown}
 g - a scroll of immolation {unknown}
 h - a scroll of enchant armour {unknown}
 k - a scroll of identify {unknown}
 l - a scroll of enchant weapon {unknown}


   Skills:
 - Level 2.1 Dodging
 - Level 2.1 Stealth
 - Level 1.5 Spellcasting
   Level 0.5 Transmutations
 + Level 6.0 Earth Magic


You had 6 spell levels left.
You knew the following spells:

 Your Spells              Type           Power        Failure   Level
a - Sandblast             Erth           ###...       1%          1

Your spell library contained the following spells:

 Spells                   Type           Power        Failure   Level
 Passwall                 Tmut/Erth      ##......     10%         2
 Stone Arrow              Conj/Erth      ##....       21%         3
 Lee's Rapid Deconstruct  Erth           ###.......   47%         5
 Petrify                  Tmut/Erth      ##......     52%         4


Dungeon Overview and Level Annotations

Branches:
Dungeon (6/15)
 Temple: D:4-7

Altars:
Cheibriados
Trog
Uskayaw
Xom

Annotations:
D:4 Pikel


Innate Abilities, Weirdness & Mutations

You are small and have problems with some larger weapons.
You are somewhat resistant to further mutation.


Message History

Press: ? - help, Shift-Dir - straight line, f - scorpion
Aim: a scorpion The blast of sand hits the scorpion.
The scorpion is moderately wounded.
b - 48 stones The scorpion closely misses you.
The lemure closely misses you.
Casting: Sandblast (safe; 2% risk of failure)
Confirm with . or Enter, or press ? or * to list all spells.
Aiming: Sandblast (safe; 2% risk of failure)
Press: ? - help, Shift-Dir - straight line, f/p - scorpion
Aim: a scorpion (moderately wounded)
The blast of sand hits the scorpion.
The scorpion is moderately wounded.
b - 47 stones The scorpion stings you!
You are poisoned.
The scorpion poisons you! The lemure misses you.
You closely miss the scorpion.
The scorpion is moderately wounded.
You feel sick. The scorpion stings you.
You are lethally poisoned!
The scorpion poisons you! The lemure hits you.
* * * LOW HITPOINT WARNING * * *
It was a potion of heal wounds.
You feel much better.
You feel sick. The scorpion closely misses you. The lemure closely misses you.
You hit the scorpion but do no damage.
Your weapon exudes an aura of protection.
The scorpion is moderately wounded.
You feel very sick. The scorpion misses you.
The lemure hits you but does no damage. The scorpion closely misses you.
The lemure hits you.
You closely miss the scorpion.
The scorpion is moderately wounded.
You feel sick. The scorpion stings you. The lemure hits you.
You barely miss the scorpion.
The scorpion is moderately wounded.
You feel sick. The scorpion stings you. The lemure closely misses you.
The scorpion closely misses you.
Casting: Sandblast (safe; 2% risk of failure)
Confirm with . or Enter, or press ? or * to list all spells.
Aiming: Sandblast (safe; 2% risk of failure)
Press: ? - help, Shift-Dir - straight line, f/p - scorpion
Aim: a scorpion (moderately wounded)
The blast of sand hits the scorpion!
The scorpion is severely wounded.
b - 46 stones You feel sick.
The lemure barely misses you. The scorpion stings you.
* * * LOW HITPOINT WARNING * * *
You hit the scorpion.
Your weapon exudes an aura of protection.
You kill the scorpion!
Cheibriados thoroughly appreciates the change of pace.
Your Earth Magic skill increases to level 6!
* * * LOW HITPOINT WARNING * * *
You feel sick.
The lemure hits you but does no damage. x2
Casting: Sandblast (safe; 1% risk of failure)
Confirm with . or Enter, or press ? or * to list all spells.
Aiming: Sandblast (safe; 1% risk of failure)
Press: ? - help, Shift-Dir - straight line, f - lemure
Aim: a lemure The blast of sand hits the lemure!
The lemure is moderately wounded.
b - 45 stones
* * * LOW HITPOINT WARNING * * *
You feel sick. The lemure misses you.
You hit the lemure.
The lemure is heavily wounded.
* * * LOW HITPOINT WARNING * * *
You feel sick. The lemure completely misses you.
You closely miss the lemure.
The lemure is heavily wounded.
* * * LOW HITPOINT WARNING * * *
You feel sick. The lemure hits you but does no damage. The lemure misses you.
* * * LOW HITPOINT WARNING * * *
You feel sick.
You see here a scorpion corpse.
Really walk into that teleport trap? [Y]es or [N]o only, please.
Really walk into that teleport trap?
You enter a teleport trap!
The teleport trap disappears.
Your surroundings suddenly seem different.
A frilled lizard comes into view.
* * * LOW HITPOINT WARNING * * *
You feel sick.
The frilled lizard hisses angrily.
Found a long sword.
Okay, then.
You aren't carrying any potions.
Unknown command.
Found 14 poisoned darts.
Casting: Sandblast (safe; 1% risk of failure)
Confirm with . or Enter, or press ? or * to list all spells.
Aiming: Sandblast (safe; 1% risk of failure)
Press: ? - help, Shift-Dir - straight line, f - frilled lizard
Aim: a frilled lizard The blast of sand hits the frilled lizard!
You kill the frilled lizard!
Cheibriados appreciates the change of pace.
b - 44 stones You die...

# . ###. # .
##. #.. .#..
....###.#
.....
#.....#.....(
##.@.).#
#......#
#.....###.....
#......# ...#
....##..# ..#
... .... .# #.
...## # # ....
#.#.


There were no monsters in sight!

Vanquished Creatures
  A scorpion (D:5)
  A hound (D:5)
  4 gnolls (D:3)
  An adder (D:2)
  An ooze (D:1)
  An adder zombie (D:5)
  6 orcs
  2 bats
  3 giant cockroaches
  5 hobgoblins
  3 kobolds
  2 frilled lizards
  2 rats
32 creatures vanquished.

Notes
Turn   | Place    | Note
-------+----------+-------------------------------------------
     0 | D:1      | EnegeticOcto the Halfling Earth Elementalist began the
                  | quest for the Orb.
     0 | D:1      | Reached XP level 1. HP: 11/11 MP: 3/3
    91 | D:1      | Reached XP level 2. HP: 10/17 MP: 0/4
   150 | D:2      | Reached skill level 4 in Earth Magic
   150 | D:2      | Reached XP level 3. HP: 16/21 MP: 0/5
   307 | D:3      | Reached XP level 4. HP: 14/27 MP: 2/6
   445 | D:3      | Reached skill level 5 in Earth Magic
   597 | D:4      | Noticed Pikel
   597 | D:4      | Noticed a lemure
   597 | D:4      | Noticed a lemure
   598 | D:4      | Noticed a lemure
   599 | D:4      | Noticed a lemure
   620 | D:4      | You fall into a shaft and drop 2 floors!
   626 | D:5      | Entered Level 5 of the Dungeon
   673 | D:5      | Reached XP level 5. HP: 28/31 MP: 3/7
   684 | D:5      | Found a hide-covered altar of Uskayaw.
   687 | D:5      | Found a bloodstained altar of Trog.
   690 | D:5      | Found a shimmering altar of Xom.
   693 | D:5      | Found a snail-covered altar of Cheibriados.
   697 | D:5      | Became a worshipper of Cheibriados the Contemplative
   731 | D:5      | Reached skill level 6 in Earth Magic
   736 | D:5      | HP: 1/31 [poisoned by a scorpion]
   738 | D:5      | Succumbed to a scorpion's poison

Illustrated notes

Levels and vault maps discovered:
D:1:      nagdon_arrival_zigzag_paths, layout_basic
D:2:      layout_basic
D:3:      layout_rooms, lemuel_doored_altar
D:4:      layout_basic, good_gods_temple_1, uniq_pikel
D:5:      layout_loops_ring, grunt_temple_overflow_cloverleaf,
          nicolae_overflow_hidden_temple, hangedman_decor_points, uniq_eustachio
D:6:      layout_rooms, minmay_temple_entry_wispy

Skill      XL: |  1  2  3  4  5 |
---------------+----------------+-----
Earth Magic    | 4 5 6 |  6.0
Dodging        | |  2.1
Stealth        | |  2.1
Spellcasting   | |  1.5
Transmutations | |  0.5

Action                   |  1- 3 |  4- 6 || total
-------------------------+-------+-------++-------
Melee: Unarmed           |    15 |       ||    15
       Hand axe          |    17 |       ||    17
       Flail             |     9 |    29 ||    38
       Short sword       |     7 |       ||     7
Throw: Stone             |       |     1 ||     1
 Cast: Sandblast         |    23 |    26 ||    49
  Use: Potion            |       |     1 ||     1
Armor: Robe              |     8 |     7 ||    15
Dodge: Dodged            |    46 |    56 ||   102

Table legend: (Time is in decaauts)
 A = Elapsed time spent in this place.
 B = Non-inter-level travel time spent in this place.
 C = Inter-level travel time spent in this place.
 D = Time resting spent in this place.
 E = Time spent auto-exploring this place.
 F = Levels seen in this place.
 G = Mean time per level.
                   A        B        C        D        E       F      G
               +--------+--------+--------+--------+--------+-----+--------+
         Total |    766 |    757 |      9 |      0 |      0 |   6 |  127.7 |
       Dungeon |    766 |    757 |      9 |      0 |      0 |   6 |  127.7 |
               +--------+--------+--------+--------+--------+-----+--------+

Top non-repeatable levels by time:
     D:3: 354 daAuts
     D:2: 175 daAuts
     D:5: 115 daAuts
     D:1: 100 daAuts
     D:4: 15 daAuts
     D:6: 5 daAuts
